AoeStats
← dashuaibi

Arena

506819846Analyzed
4v4 RM · 17d ago on Sep 15, 2026· 75m 35s· 8 players
Game mode
Random Map
Map size
Large (8 player)
Population
200
Speed
Normal
Resources
Standard
Victory
Conquest
Starting age
Dark Age
Ending age
Imperial Age
RankedLock teamsTeams togetherTeam positionsShared explorationLock speedFull tech treeHidden civsTurbo modeCheats
Victory
Defeat
🇩🇪 Magyars · Germany
1358
+13
🇸🇪 Spanish · Sweden
1314
+15
🇩🇪 Georgians · Germany
1254
+17
🇹🇷 Celts · Türkiye
1245
+18
🇵🇱 Khitans · Poland
1370
-19
🇨🇳 Franks · China
1317
-17
🇲🇽 Italians · Mexico
1245
-14
🇦🇺 Bulgarians · Australia
1208
-13
WallyGoodberg
6:35 Loom
8:54 Feudal Age
9:33 Double-Bit Axe
9:31 Horse Collar
14:54 Fletching
21:30 Castle Age
21:05 Stone Mining
21:16 Gold Mining
23:01 Heavy Plow
23:46 Bow Saw
34:01 Imperial Age
32:07 Wheelbarrow
31:44 Scale Barding Armor
32:11 Town Watch
32:47 Chain Barding Armor
32:38 Forging
33:36 Stone Shaft Mining
34:02 Elite Monaspa
35:18 Plate Barding Armor
35:28 Hoardings
35:14 Conscription
35:43 Iron Casting
35:37 Masonry
35:48 Ballistics
36:20 Hoardings
35:52 Bodkin Arrow
37:01 Architecture
36:27 Murder Holes
36:37 Siege Engineers
37:09 Hand Cart
42:03 Chemistry
46:52 Light Cavalry
48:53 Bloodlines
48:44 Husbandry
49:33 Aznauri Cavalry
52:38 Caravan
54:05 Hussar
64:47 Crop Rotation
66:04 Blast Furnace
74:42 Bracer
75:50 Coinage
75:31 Guilds
Creed
10:22 Feudal Age
14:28 Castle Age
12:27 Horse Collar
13:11 Double-Bit Axe
15:47 Heavy Plow
25:49 Wheelbarrow
25:11 Gold Mining
25:59 Bow Saw
27:33 Hand Cart
28:02 Gold Shaft Mining
31:14 Imperial Age
29:09 Thumb Ring
30:09 Ballistics
29:54 Husbandry
30:04 Bloodlines
30:09 Fletching
30:22 Town Watch
31:01 Padded Archer Armor
30:57 Bodkin Arrow
31:25 Heavy Cavalry Archer
32:30 Parthian Tactics
33:11 Chemistry
32:48 Bracer
33:05 Leather Archer Armor
34:10 Recurve Bow
37:31 Ring Archer Armor
37:29 Corvinian Army
39:03 Scale Barding Armor
40:51 Chain Barding Armor
40:45 Elite Magyar Huszar
42:33 Plate Barding Armor
50:08 Siege Engineers
55:59 Conscription
65:35 Elite Skirmisher
68:47 Two-Man Saw
74:26 Caravan
Stuve
11:15 Feudal Age
11:59 Double-Bit Axe
12:21 Horse Collar
14:54 Castle Age
13:12 Horse Collar
13:55 Gold Mining
17:06 Bow Saw
20:34 Heavy Plow
26:15 Bloodlines
26:06 Husbandry
29:55 Wheelbarrow
33:14 Fletching
34:00 Arson
38:20 Imperial Age
38:36 Light Cavalry
42:45 Hussar
45:28 Scale Barding Armor
45:34 Forging
46:30 Chain Barding Armor
47:43 Iron Casting
47:22 Elite Conquistador
53:36 Plate Barding Armor
59:04 Chemistry
58:24 Ballistics
59:06 Blast Furnace
58:16 Masonry
64:36 Two-Man Saw
63:35 Bodkin Arrow
67:00 Caravan
72:39 Town Watch
73:10 Hand Cart
72:41 Loom
72:59 Bracer
74:58 Hoardings
75:13 Architecture
ikaradayi976
10:49 Feudal Age
14:48 Castle Age
13:10 Double-Bit Axe
13:17 Horse Collar
15:50 Bow Saw
21:25 Heavy Plow
22:43 Wheelbarrow
21:57 Loom
22:00 Town Watch
23:12 Gold Mining
23:46 Hand Cart
26:06 Stone Mining
26:52 Gold Shaft Mining
27:34 Scale Mail Armor
27:44 Forging
30:29 Imperial Age
28:33 Chain Mail Armor
30:31 Iron Casting
30:01 Pikeman
30:31 Arson
31:44 Plate Mail Armor
32:16 Blast Furnace
31:38 Conscription
30:57 Capped Ram
31:56 Halberdier
33:28 Siege Ram
34:43 Heavy Scorpion
36:55 Furor Celtica
39:34 Chemistry
38:55 Ballistics
38:41 Siege Engineers
46:16 Stone Shaft Mining
66:45 Caravan
71:59 Scale Barding Armor
72:38 Light Cavalry
73:18 Husbandry
[GMEX] | The_Spartako
10:49 Feudal Age
14:21 Loom
20:42 Castle Age
20:38 Fletching
25:26 Horse Collar
25:35 Double-Bit Axe
27:28 Bodkin Arrow
33:21 Bow Saw
33:11 Gold Mining
34:14 Wheelbarrow
34:33 Padded Archer Armor
36:36 Heavy Plow
37:28 Stone Mining
39:43 Stone Shaft Mining
40:25 Leather Archer Armor
42:42 Ballistics
42:03 Treadmill Crane
45:57 Imperial Age
43:43 Hand Cart
45:59 Treadmill Crane
46:29 Masonry
46:44 Bracer
47:14 Ring Archer Armor
47:47 Chemistry
48:05 Thumb Ring
48:31 Town Watch
49:17 Crop Rotation
49:28 Conscription
49:44 Hoardings
48:30 Elite Genoese Crossbowman
49:33 Town Patrol
50:05 Architecture
51:30 Redemption
51:11 Capped Ram
56:15 Scale Barding Armor
56:21 Forging
57:54 Light Cavalry
58:45 Bloodlines
58:35 Husbandry
60:35 Caravan
WELL-pack
10:38 Feudal Age
14:27 Castle Age
12:38 Double-Bit Axe
13:01 Domestication
16:12 Bow Saw
17:31 Pastoralism
21:04 Wheelbarrow
20:24 Gold Mining
22:53 Hand Cart
27:57 Loom
30:50 Imperial Age
29:01 Fletching
29:38 Bodkin Arrow
29:42 Elite Skirmisher
31:31 Ballistics
35:03 Chemistry
36:45 Thumb Ring
37:03 Bracer
38:10 Padded Archer Armor
39:53 Leather Archer Armor
42:08 Scale Mail Armor
42:15 Gambesons
42:31 Squires
42:17 Arson
42:49 Chain Mail Armor
43:48 Plate Mail Armor
43:57 Conscription
44:01 Masonry
44:24 Forging
45:07 Lamellar Armor
59:21 Town Watch
68:08 Two-Man Saw
67:41 Transhumance
70:08 Caravan
72:23 Pikeman
73:41 Iron Casting
73:33 Man-at-Arms
Lappers
10:45 Feudal Age
14:29 Castle Age
13:02 Double-Bit Axe
13:03 Horse Collar
16:51 Loom
19:47 Fletching
22:14 Bow Saw
22:15 Bodkin Arrow
29:22 Imperial Age
27:11 Scale Barding Armor
28:00 Chain Barding Armor
27:55 Gold Mining
29:03 Stone Mining
30:47 Plate Barding Armor
30:53 Forging
31:14 Forging
32:58 Iron Casting
32:26 Bracer
33:44 Murder Holes
34:17 Scale Mail Armor
34:12 Arson
35:25 Chain Mail Armor
37:44 Squires
38:19 Plate Mail Armor
38:50 Bloodlines
41:51 Onager
45:50 Masonry
45:52 Pikeman
54:56 Town Watch
55:47 Wheelbarrow
56:16 Halberdier
61:16 Siege Engineers
60:58 Siege Onager
62:15 Caravan
65:03 Gambesons
72:05 Capped Ram
75:04 Blast Furnace
74:54 Light Cavalry
dashuaibi
10:38 Feudal Age
8:58 Loom
10:46 Feudal Age
15:10 Castle Age
13:14 Double-Bit Axe
17:16 Bow Saw
19:47 Wheelbarrow
24:23 Hand Cart
24:41 Gold Mining
24:42 Stone Mining
25:14 Scale Barding Armor
25:11 Town Watch
28:06 Imperial Age
26:28 Gold Shaft Mining
26:43 Forging
26:54 Chain Barding Armor
27:07 Husbandry
27:44 Iron Casting
28:09 Cavalier
29:20 Conscription
29:50 Plate Barding Armor
30:26 Blast Furnace
30:18 Paladin
31:03 Fletching
33:46 Bodkin Arrow
34:00 Siege Engineers
34:56 Chemistry
34:19 Masonry
35:55 Ballistics
38:18 Devotion
40:03 Hoardings
42:58 Architecture
47:48 Caravan
47:54 Padded Archer Armor
50:02 Elite Skirmisher
51:03 Leather Archer Armor
52:38 Faith
53:03 Fortified Wall
52:49 Murder Holes
58:29 Light Cavalry
61:10 Coinage
Connection lost

Rejoining the realm…

Still unreachable

The connection could not be restored.

Session expired

The server has moved on; the page needs a fresh start.